AoeStats
← jantotu

Arabia

509389515Analyzed
1v1 RM · 7d ago on Sep 26, 2026· 75m 20s· 2 players
Game mode
Random Map
Map size
Tiny (2 player)
Population
200
Speed
Normal
Resources
Standard
Victory
Conquest
Starting age
Dark Age
Ending age
Imperial Age
RankedLock teamsTeams togetherTeam positionsShared explorationLock speedFull tech treeHidden civsTurbo modeCheats
Victory
Defeat
🇪🇸 Varangians · Spain
1217
+17
🇨🇭 Bulgarians · Switzerland
1228
-17
javi588
6:11 Loom
9:11 Feudal Age
9:54 Double-Bit Axe
20:22 Castle Age
18:54 Fletching
19:32 Gold Mining
21:02 Bodkin Arrow
21:24 Bow Saw
22:42 Bloodlines
23:44 Husbandry
36:26 Wheelbarrow
38:42 Ballistics
46:40 Imperial Age
48:09 Bracer
49:56 Light Cavalry
52:10 Scale Barding Armor
52:16 Forging
53:26 Chemistry
53:12 Conscription
52:18 Cranequins
53:21 Horse Collar
54:54 Padded Archer Armor
55:33 Heavy Plow
56:22 Hand Cart
55:53 Town Watch
57:05 Iron Casting
58:46 Blast Furnace
60:32 Chain Barding Armor
60:28 Leather Archer Armor
61:45 Two-Man Saw
60:11 Heavy Mounted Crossbowman
61:50 Hussar
63:59 Plate Barding Armor
63:55 Ring Archer Armor
64:39 Crop Rotation
67:05 Vendel Legacy
69:40 Siege Engineers
69:46 Masonry
69:14 Cavalier
jantotu
8:06 Loom
10:05 Feudal Age
11:01 Double-Bit Axe
11:29 Arson
21:23 Castle Age
20:11 Bloodlines
20:50 Scale Barding Armor
20:58 Forging
21:25 Pikeman
41:26 Imperial Age
48:59 Cavalier
50:08 Elite Skirmisher
50:53 Padded Archer Armor
52:04 Wheelbarrow
51:24 Fletching
53:48 Chain Barding Armor
55:02 Bodkin Arrow
55:50 Hand Cart
56:44 Chemistry
56:37 Ballistics
56:36 Leather Archer Armor
60:35 Bracer
61:12 Plate Barding Armor
60:29 Horse Collar
61:24 Light Cavalry
62:05 Husbandry
62:48 Iron Casting
63:28 Conscription
63:16 Stirrups
67:31 Blast Furnace
70:59 Hussar
Connection lost

Rejoining the realm…

Still unreachable

The connection could not be restored.

Session expired

The server has moved on; the page needs a fresh start.